 Dungeon Crawl Stone Soup version 0.31.0-11-ge490571c62 (webtiles) character file.

Game seed: 16036422112374170874

494 qw the Skirmisher (level 6, -2/35 HPs)
             Began as a Deep Elf Hunter on Feb 4, 2024.
             Incinerated by a bombardier beetle (4 damage)
             ... with a burning spray
             ... on level 4 of the Dungeon.
             The game lasted 00:00:12 (3061 turns).

qw the Skirmisher (Deep Elf Hunter)                 Turns: 3061, Time: 00:00:13

Health: -2/35      AC:  7    Str:  9    XL:     6   Next: 92%
Magic:  7/7        EV: 12    Int: 18    God:
Gold:   163        SH:  0    Dex: 23    Spells: 5/5 levels left

rFire   . . .        a - +1 shortbow
rCold   . . .        (shield currently unavailable)
rNeg    . . .        k - +0 ring mail
rPois   +            (no helmet)
rElec   .            g - +1 cloak
rCorr   .            (no gloves)
SInv    .            (no boots)
Will    .....        (no amulet)
Stlth   +            b - +6 ring of dexterity
HPRegen 0.25/turn    e - ring of poison resistance
MPRegen 0.10/turn

%: no passive effects
@: on fire, glowing
A: clever 1, low MP 1
a: no special abilities


You were on level 4 of the Dungeon.
You visited 1 branch of the dungeon, and saw 4 of its levels.
You also visited: Sewer.

You collected 163 gold pieces.


Innate Abilities, Weirdness & Mutations

Your mind is acute. (Int +4, Str/Dex -1)
Your magical capacity is low. (-10% MP)


   Skills:
 - Level 2.0 Fighting
 - Level 10.0 Ranged Weapons
 + Level 0.0 Armour
 - Level 4.2 Dodging
 - Level 1.2 Stealth


You had 5 spell levels left.
You didn't know any spells.
Your spell library was empty.

Inventory:

Hand Weapons
 a - a +1 shortbow (weapon)
Armour
 g - a +1 cloak (worn)
 k - a +0 ring mail (worn)
Jewellery
 b - a +6 ring of dexterity (left hand)
 e - a ring of poison resistance (right hand)
Scrolls
 o - a scroll of teleportation
Potions
 d - a potion of heal wounds {unknown}
 f - 4 potions of might
 h - a potion of resistance {unknown}
 i - a potion of curing {unknown}
 j - a potion of attraction {unknown}
 n - a potion of mutation

Dungeon Overview and Level Annotations

Branches:
Dungeon (4/15)              Sewer (visited)
 Temple: D:4-7

Altars:


Message History

You shoot an arrow. The arrow hits the bombardier beetle.
The bombardier beetle is heavily wounded.
You shoot an arrow.
The arrow hits the bombardier beetle but does no damage.
The bombardier beetle is heavily wounded.
You shoot an arrow.
The arrow hits the bombardier beetle but does no damage.
The bombardier beetle is heavily wounded.
The bombardier beetle waves its antennae.
The bombardier beetle sprays incendiary fluid at you.
The burning spray hits you.
You are covered in liquid fire!
You shoot an arrow.
The arrow barely misses the bombardier beetle.
The liquid fire burns you!
You shoot an arrow.
The arrow hits the bombardier beetle but does no damage.
The bombardier beetle is heavily wounded.
The liquid fire burns you!
You shoot an arrow.
The arrow hits the bombardier beetle but does no damage.
The bombardier beetle is heavily wounded.
The liquid fire burns you!
You shoot an arrow. The arrow hits the bombardier beetle!
The bombardier beetle is almost dead.
The liquid fire burns you!
You shoot an arrow. The arrow hits the bombardier beetle.
The bombardier beetle is almost dead.
The liquid fire burns you!
You shoot an arrow. The arrow hits the bombardier beetle.
You kill the bombardier beetle!
The liquid fire burns you!
Your Ranged Weapons skill increases to level 10!
You are on fire!
The liquid fire burns you!
You are on fire!
The liquid fire burns you!
You are on fire!
The liquid fire burns you!
You die...

#....# #.. #....# #..
######'########..
######.#...>..#...>###
.......'......#....#..
.......#......#....#..
.......#......#....#..
##########......###..##.
......%@..........#..##'
..................'.....
..................#.....
..................#.....
..................#.....
.............)....######
############'#.........#
#..#.........# #.
#.........#


There were no monsters in sight!

Vanquished Creatures
  2 brain worms (Sewer)
  A bombardier beetle (D:4)
  Natasha (thrice) (D:3)
  A sleepcap (D:4)
  8 adders
  8 river rats
  2 dart slugs (D:1)
  A ribbon worm (D:2)
  4 orcs (D:3)
  6 endoplasms
  4 giant cockroaches
  6 hobgoblins
  4 jackals (D:2)
  A quokka (D:1)
  10 ball pythons
  3 bats
  5 frilled lizards
  4 goblins
  4 kobolds
  10 rats
87 creatures vanquished.

Notes
Turn   | Place    | Note
-------+----------+-------------------------------------------
     0 | D:1      | qw the Deep Elf Hunter began the quest for the Orb.
     0 | D:1      | Reached XP level 1. HP: 12/12 MP: 3/3
     0 | D:1      | 0 ||| qw: Version: 0.3-a-160-g6735b56
     0 | D:1      | 0 ||| qw: Game counter: 5241
     0 | D:1      | 0 ||| qw: Melee chars always use a shield: true
     0 | D:1      | 0 ||| qw: God list: Okawaru
     0 | D:1      | 0 ||| qw: Allow faded altars: false
     0 | D:1      | 0 ||| qw: Do Orc after clearing Dungeon:15 true
     0 | D:1      | 0 ||| qw: Do second Lair branch before Depths: true
     0 | D:1      | 0 ||| qw: Lair rune preference: random
     0 | D:1      | 0 ||| qw: Goals: Normal
     0 | D:1      | 0 ||| PLANNING D:1-11
   155 | D:1      | Reached XP level 2. HP: 16/16 MP: 4/4
   183 | D:1      | Reached skill level 6 in Ranged Weapons
   748 | D:1      | 748 ||| UPGRADING to +0 cloak.
   753 | D:1      | 753 ||| READING 2 scrolls labelled TAKY KENORCHE.
   854 | D:1      | 854 ||| DRINKING 2 puce potions.
   855 | D:1      | 855 ||| DROPPING scroll of butterflies.
   856 | D:1      | 856 ||| DROPPING scroll of vulnerability.
   885 | D:2      | Reached XP level 3. HP: 14/20 MP: 5/5
  1073 | D:2      | Reached skill level 7 in Ranged Weapons
  1147 | D:2      | Found a faded altar of an unknown god.
  1376 | D:2      | Reached XP level 4. HP: 25/25 MP: 6/6
  1546 | D:2      | 1546 ||| UPGRADING to +6 ring of dexterity.
  1547 | D:2      | 1547 ||| READING scroll labelled HODIR ZIAZ.
  1548 | D:2      | 1548 ||| READING scroll labelled AQISER FUERCHYKO.
  1582 | D:3      | 1582 ||| PLANNING SEWER
  1649 | D:3      | Noticed Natasha
  1654 | D:3      | Killed Natasha
  1655 | D:3      | Reached skill level 3 in Dodging
  1684 | D:3      | 1684 ||| FLEEEEING.
  1685 | D:3      | 1685 ||| FLEEEEING.
  1686 | D:3      | 1686 ||| FLEEEEING.
  1687 | D:3      | 1687 ||| FLEEEEING.
  1688 | D:3      | 1688 ||| FLEEEEING.
  1689 | D:3      | 1689 ||| FLEEEEING.
  1690 | D:3      | 1690 ||| FLEEEEING.
  1959 | D:3      | Noticed Natasha
  1969 | D:3      | Killed Natasha
  1984 | D:3      | Reached skill level 8 in Ranged Weapons
  1984 | D:3      | Reached XP level 5. HP: 29/29 MP: 7/7
  1984 | D:3      | Noticed Natasha
  1997 | D:3      | Killed Natasha
  2055 | D:3      | Found a glowing drain.
  2056 | D:3      | 2056 ||| UPGRADING to ring of poison resistance.
  2057 | D:3      | 2057 ||| READING scroll labelled SOOKAPH CITEE.
  2060 | D:3      | 2060 ||| Stepping randomly (stuck).
  2061 | D:3      | 2061 ||| Stepping randomly (stuck).
  2062 | D:3      | 2062 ||| Stepping randomly (stuck).
  2063 | D:3      | 2063 ||| Stepping randomly (stuck).
  2064 | D:3      | 2064 ||| Stepping randomly (stuck).
  2065 | D:3      | 2065 ||| Stepping randomly (stuck).
  2066 | D:3      | 2066 ||| Stepping randomly (stuck).
  2067 | D:3      | 2067 ||| Stepping randomly (stuck).
  2068 | D:3      | 2068 ||| Stepping randomly (stuck).
  2157 | D:3      | 2157 ||| READING scroll labelled XOZIERUUJI.
  2157 | D:3      | 2157 ||| ENCHANTING +0 cloak.
  2158 | D:3      | 2158 ||| DRINKING 2 golden potions.
  2159 | D:3      | 2159 ||| DROPPING potion of brilliance.
  2192 | Sewer    | Entered a sewer
  2277 | Sewer    | Reached skill level 9 in Ranged Weapons
  2429 | Sewer    | Reached XP level 6. HP: 28/35 MP: 6/8
  2696 | Sewer    | 2696 ||| READING scroll labelled QEOFRU VOOGAR.
  2697 | Sewer    | 2697 ||| READING scroll labelled MILO WUOKONWO.
  2698 | Sewer    | 2698 ||| READING scroll labelled ZIOCVOITW COIS.
  2698 | Sewer    | 2698 ||| ENCHANTING +0 shortbow.
  2699 | Sewer    | 2699 ||| DRINKING 2 sapphire potions.
  2699 | Sewer    | Gained mutation: You have a somewhat thin skeletal
                  | structure. (Dex +2, Stealth+) [potion of mutation]
  2699 | Sewer    | Gained mutation: Your magical capacity is low. (-10% MP)
                  | [potion of mutation]
  2699 | Sewer    | Lost mutation: You have a somewhat thin skeletal structure.
                  | (Dex +2, Stealth+) [potion of mutation]
  2699 | Sewer    | Gained mutation: Your mind is acute. (Int +4, Str/Dex -1)
                  | [potion of mutation]
  2708 | D:3      | 2708 ||| PLANNING D:1-11
  2854 | D:3      | 2854 ||| UPGRADING to +0 ring mail.
  2864 | D:3      | 2864 ||| DROPPING +0 leather armour.
  3059 | D:4      | Reached skill level 10 in Ranged Weapons
  3059 | D:4      | HP: 8/35 [burnt (3)]
  3060 | D:4      | HP: 2/35 [burnt (6)]
  3061 | D:4      | Incinerated by a bombardier beetle

Levels and vault maps discovered:
D:1:      evilmike_arrival_plus, layout_basic, grunt_decor_clamped,
          minmay_distorted
D:2:      layout_basic, shapermc_ecumenical_altar_acropolis, grunt_ministairs_6
D:3:      layout_loops_cross, mainiacjoe_sewer_entry_somewhere_in_here_2,
          uniq_natasha
D:4:      layout_gridville, nzn_overflow_gifts_of_might_and_magic, serial_shops,
          nicolae_shop_back_alley_shop, nicolae_square_shop,
          nicolae_shop_hallway_plus, uniq_duvessa

Skill      XL: |  1  2  3  4  5  6 |
---------------+-------------------+-----
Ranged Weapons | 6 7 8 9 10 | 10.0
Dodging        | 3 4 |  4.2
Fighting       | 2 |  2.0
Stealth        | |  1.2

Action                     |  1- 3 |  4- 6 || total
---------------------------+-------+-------++-------
   Fire: Shortbow          |    95 |   201 ||   296
    Use: Scroll            |     1 |     7 ||     8
         Potion            |     1 |     2 ||     3
 Armour: Leather armour    |    17 |    39 ||    56
         Ring mail         |       |     4 ||     4
  Dodge: Dodged            |    10 |    60 ||    70

Table legend:
 A = Non-vault XP
 B = Vault XP
 C = Vault XP percentage of total XP
 D = Non-vault monster count
 E = Vault monster count
 F = Vault count percentage of total count
                 A         B        C        D         E       F
            +---------+---------+-------+---------+---------+-------
      Total |     279 |     428 |  60.5 |      53 |      34 |  39.1
            +---------+---------+-------+---------+---------+-------
        D:1 |      34 |       2 |   5.6 |      19 |       1 |   5.0
        D:2 |      57 |       6 |   9.5 |      19 |       2 |   9.5
        D:3 |      91 |      69 |  43.1 |      11 |       8 |  42.1
        D:4 |      97 |       0 |   0.0 |       4 |       0 |   0.0
      Sewer |       0 |     351 | 100.0 |       0 |      23 | 100.0
            +---------+---------+-------+---------+---------+-------
